 Dungeon Crawl Stone Soup version 0.29-a0-664-gff9cad4a3d (webtiles) character file.

Game seed: 18283187104924471669

128 DocClef the Shield-Bearer (level 5, -3/47 HPs)
             Began as a Gnoll Fighter on June 22, 2022.
             Slain by an orc warrior
             ... wielding a +0 mace
              (11 damage)
             ... on level 6 of the Dungeon.
             The game lasted 00:02:47 (2357 turns).

DocClef the Shield-Bearer (Gnoll Fighter)           Turns: 2357, Time: 00:02:48

Health: -3/47      AC: 12    Str: 17    XL:     5   Next: 12%
Magic:  7/7        EV:  9    Int:  7    God:
Gold:   193        SH:  5    Dex: 12    Spells: 6/6 levels left

rFire   . . .      SeeInvis .   l - +1 morningstar
rCold   . . .      Faith    .   c - +0 buckler
rNeg    . . .      Spirit   .   b - +1 scale mail
rPois   .          Reflect  .   (no helmet)
rElec   .          Harm     .   j - +2 cloak
rCorr   .          Rampage  .   (no gloves)
Will    .....                   (no boots)
Stlth   ..........              (no amulet)
HPRegen 0.15/turn               (no ring)
MPRegen 0.10/turn               (no ring)

@: no status effects
A: fangs 1, strong nose, distributed training
a: no special abilities


You were on level 6 of the Dungeon.
You visited 1 branch of the dungeon, and saw 4 of its levels.

You collected 193 gold pieces.

Inventory:

Hand Weapons
 a - a +0 flail
 l - a +1 morningstar (weapon)
Missiles
 i - 8 javelins (quivered)
Armour
 b - a +1 scale mail (worn)
 c - a +0 buckler (worn)
 j - a +2 cloak (worn)
Jewellery
 g - a ring of wizardry
 h - a ring of fire
Scrolls
 e - a scroll of teleportation
 m - 2 scrolls of identify
Potions
 d - a potion of might
 f - 2 potions of curing
 k - a potion of mutation
 o - a potion of cancellation


   Skills:
 + Level 6.6 Fighting
 + Level 1.3 Short Blades
 + Level 1.3 Long Blades
 + Level 1.3 Axes
 + Level 4.7 Maces & Flails
 + Level 1.3 Polearms
 + Level 1.3 Staves
 + Level 1.3 Slings
 + Level 1.3 Bows
 + Level 1.3 Crossbows
 + Level 1.3 Throwing
 + Level 6.6 Armour
 + Level 1.3 Dodging
 + Level 1.3 Stealth
 + Level 6.6 Shields
 + Level 1.3 Unarmed Combat
 + Level 1.3 Spellcasting
 + Level 1.1 Conjurations
 + Level 1.1 Hexes
 + Level 1.1 Summonings
 + Level 1.1 Necromancy
 + Level 1.1 Translocations
 + Level 1.1 Transmutations
 + Level 1.1 Fire Magic
 + Level 1.1 Ice Magic
 + Level 1.1 Air Magic
 + Level 1.1 Earth Magic
 + Level 1.1 Poison Magic
 + Level 1.5 Invocations
 + Level 1.3 Evocations


You had 6 spell levels left.
You didn't know any spells.
Your spell library contained the following spells:

 Spells                   Type           Power      Damage    Failure   Level
 Conjure Flame            Conj/Fire      2%         6-21      96%         3
 Ignite Poison            Fire/Tmut/Pois 2%         N/A       96%         3
 Sticky Flame             Conj/Fire      2%         2d3       100%        4


Dungeon Overview and Level Annotations

Branches:
Dungeon (6/15)
 Temple: D:4-7

Altars:
Beogh


Innate Abilities, Weirdness & Mutations

You have very sharp teeth.
Your uncanny sense of smell can sniff out nearby items.
Your experience applies equally to all skills.


Message History

The orc priest shouts!
You hear a shout!
An orc comes into view. It is wielding a +0 flail.
An orc warrior comes into view. It is wielding a +0 mace.
There are monsters nearby!
The orc priest begins to cast a cantrip, but forgets the words!
You see here a +0 spear.
Things that are here:
a +0 spear; a gnoll skeleton You see here a +0 flail.
The orc warrior shouts!
You hear a shout!
An orc comes into view. It is wielding a +0 dagger.
The orc warrior hits you with a +0 mace!
The orc warrior hits you but does no damage.
An orc comes into view. It is wielding a +0 club.
The orc warrior attacks as you move away!
The orc warrior hits you but does no damage.
The orc warrior attacks as you move away!
The orc warrior hits you but does no damage.
The orc warrior attacks as you move away!
The orc warrior hits you with a +0 mace!
The orc attacks as you move away! The orc completely misses you.
The orc warrior attacks as you move away!
The orc warrior barely misses you.
The orc warrior attacks as you move away!
The orc warrior hits you with a +0 mace!
The orc attacks as you move away! The orc hits you but does no damage.
A sky beast comes into view.
The orc warrior attacks as you move away!
The orc warrior hits you with a +0 mace.
The orc warrior attacks as you move away!
The orc warrior closely misses you. The orc attacks as you move away!
The orc hits you but does no damage.
The orc warrior attacks as you move away!
The orc warrior hits you with a +0 mace.
The orc warrior attacks as you move away!
The orc warrior hits you with a +0 mace!
* * * LOW HITPOINT WARNING * * *
The orc warrior attacks as you move away!
The orc warrior hits you with a +0 mace!
You die...

#............ .
#....Yo.....#
#...........#
#...........#
#.........### #
#.........# .#.#
#.....o...#
#...#
#.....oo..##....
#.....@.......#
#.............#
##............#
##...........#
###.........#
#.........#
#.........#
#.<.......#
###########


You could see an orc warrior, a sky beast (wandering) and 3 orcs.

Vanquished Creatures
  Terence (D:2)
  3 gnolls (D:6)
  An adder (D:3)
  3 orcs (D:2)
  7 bats
  8 endoplasms
  A giant cockroach (D:1)
  5 goblins
  3 hobgoblins
  6 jackals (D:1)
  4 quokkas
  6 ball pythons
  A frilled lizard (D:1)
  4 kobolds
  2 rats
55 creatures vanquished.

Notes
Turn   | Place    | Note
-------+----------+-------------------------------------------
     0 | D:1      | DocClef the Gnoll Fighter began the quest for the Orb.
     0 | D:1      | Reached XP level 1. HP: 23/23 MP: 1/1
   196 | D:1      | Reached XP level 2. HP: 29/29 MP: 2/2
   462 | D:1      | Reached XP level 3. HP: 24/35 MP: 3/3
  1146 | D:2      | Reached skill level 1 in Invocations
  1177 | D:2      | Noticed Terence
  1191 | D:2      | Killed Terence
  1192 | D:2      | Reached skill level 1 in Short Blades
  1192 | D:2      | Reached skill level 1 in Long Blades
  1192 | D:2      | Reached skill level 1 in Axes
  1192 | D:2      | Reached skill level 1 in Polearms
  1192 | D:2      | Reached skill level 1 in Staves
  1192 | D:2      | Reached skill level 1 in Slings
  1192 | D:2      | Reached skill level 1 in Bows
  1192 | D:2      | Reached skill level 1 in Crossbows
  1192 | D:2      | Reached skill level 1 in Throwing
  1192 | D:2      | Reached skill level 1 in Dodging
  1192 | D:2      | Reached skill level 1 in Stealth
  1192 | D:2      | Reached skill level 1 in Unarmed Combat
  1192 | D:2      | Reached skill level 1 in Spellcasting
  1192 | D:2      | Reached skill level 1 in Evocations
  1192 | D:2      | Reached XP level 4. HP: 37/41 MP: 5/5
  1400 | D:2      | Found a faded altar of an unknown god.
  1966 | D:3      | Reached skill level 1 in Conjurations
  1966 | D:3      | Reached skill level 1 in Hexes
  1966 | D:3      | Reached skill level 1 in Summonings
  1966 | D:3      | Reached skill level 1 in Necromancy
  1966 | D:3      | Reached skill level 1 in Translocations
  1966 | D:3      | Reached skill level 1 in Transmutations
  1966 | D:3      | Reached skill level 1 in Fire Magic
  1966 | D:3      | Reached skill level 1 in Ice Magic
  1966 | D:3      | Reached skill level 1 in Air Magic
  1966 | D:3      | Reached skill level 1 in Earth Magic
  1966 | D:3      | Reached skill level 1 in Poison Magic
  2026 | D:3      | You fall into a shaft and drop 3 floors!
  2081 | D:6      | Reached XP level 5. HP: 16/47 MP: 6/6
  2304 | D:6      | Noticed an orc warrior
  2352 | D:6      | Noticed a sky beast
  2357 | D:6      | Slain by an orc warrior

Illustrated notes

Levels and vault maps discovered:
D:1:      minmay_arrival_four_loops, layout_loops_ring, hangedman_glass_garden
D:2:      layout_basic, hellmonk_ecumenical_altar_defaced_shrine, uniq_terence
D:3:      layout_loops_corners, led_xom_imps, mainiacjoe_overflow_alcove_4,
          lemuel_tele_altar
D:6:      layout_rooms, mainiacjoe_overflow_tiny_flanked, uniq_eustachio

Skill      XL: |  1  2  3  4 |
---------------+-------------+-----
Invocations    | 1 |  1.5
Short Blades   | 1 |  1.3
Long Blades    | 1 |  1.3
Axes           | 1 |  1.3
Polearms       | 1 |  1.3
Staves         | 1 |  1.3
Slings         | 1 |  1.3
Bows           | 1 |  1.3
Crossbows      | 1 |  1.3
Throwing       | 1 |  1.3
Dodging        | 1 |  1.3
Stealth        | 1 |  1.3
Unarmed Combat | 1 |  1.3
Spellcasting   | 1 |  1.3
Evocations     | 1 |  1.3
Conjurations   | 1 |  1.1
Hexes          | 1 |  1.1
Summonings     | 1 |  1.1
Necromancy     | 1 |  1.1
Translocations | 1 |  1.1
Transmutations | 1 |  1.1
Fire Magic     | 1 |  1.1
Ice Magic      | 1 |  1.1
Air Magic      | 1 |  1.1
Earth Magic    | 1 |  1.1
Poison Magic   | 1 |  1.1
Fighting       | |  6.6
Maces & Flails | |  4.7
Armour         | |  6.6
Shields        | |  6.6

Action                   |  1- 3 |  4- 6 || total
-------------------------+-------+-------++-------
Melee: Flail             |    80 |    12 ||    92
       Bite              |     8 |     1 ||     9
       Morningstar       |       |    38 ||    38
  Use: Scroll            |     1 |     7 ||     8
       Potion            |     1 |       ||     1
 Stab: Distracted        |     1 |       ||     1
Armor: Scale mail        |    37 |    26 ||    63
Dodge: Dodged            |    45 |    23 ||    68
Block: Buckler           |    22 |    18 ||    40

Table legend: (Time is in decaauts)
 A = Elapsed time spent in this place.
 B = Non-inter-level travel time spent in this place.
 C = Inter-level travel time spent in this place.
 D = Time resting spent in this place.
 E = Time spent auto-exploring this place.
 F = Levels seen in this place.
 G = Mean time per level.
                   A        B        C        D        E       F      G
               +--------+--------+--------+--------+--------+-----+--------+
         Total |   2386 |   2358 |     28 |    372 |   1573 |   4 |  596.5 |
       Dungeon |   2386 |   2358 |     28 |    372 |   1573 |   4 |  596.5 |
               +--------+--------+--------+--------+--------+-----+--------+

Top non-repeatable levels by time:
     D:1: 1120 daAuts
     D:2: 820 daAuts
     D:6: 334 daAuts
     D:3: 111 daAuts
